 Dungeon Crawl Stone Soup version 0.21-a0-2-ge494091 (webtiles) character file.

938 TheGoonsmith the Cudgeler (level 7, 0/56 HPs)
             Began as a Demonspawn Gladiator on May 18, 2017.
             Was a Believer of Ru.
             Slain by a hound (2 damage)
             ... on level 6 of the Dungeon on May 22, 2017.
             The game lasted 00:12:46 (5733 turns).

TheGoonsmith the Cudgeler (Demonspawn Gladiator)    Turns: 5733, Time: 00:12:47

Health: 0/56       AC:  5    Str: 16    XL:     7   Next: 87%
Magic:  7/7        EV: 14    Int:  9    God:    Ru [**....]
Gold:   328        SH:  0    Dex: 15    Spells: 6/6 levels left

rFire    . . .     SeeInvis .   a - +0 morningstar
rCold    . . .     Gourm    .   (shield unavailable)
rNeg     + . .     Faith    .   c - +0 ring mail
rPois    .         Spirit   .   (helmet restricted)
rElec    .         Reflect  .   (no cloak)
rCorr    .         Harm     .   (no gloves)
MR       .....                  (no boots)
Stlth    +.........             s - amulet of regeneration
Regen    0.6/turn               (ring unavailable)
MPRegen  0.1/turn               k - ring of positive energy

@: no status effects
A: antennae 1, repulsion field 1, powered by death 1, missing a hand
a: Renounce Religion


You were on level 6 of the Dungeon.
You worshipped Ru.
Ru was pleased with you.
You were not hungry.

You visited 1 branch of the dungeon, and saw 6 of its levels.

You collected 328 gold pieces.

Inventory:

Hand Weapons
 a - a +0 morningstar (weapon)
 b - a +0 hunting sling
 u - a +0 flail
Missiles
 d - 5 throwing nets (quivered)
 g - 78 stones
 y - 22 sling bullets
Armour
 c - a +0 ring mail (worn)
 x - a +1 leather armour
 D - a +0 plate armour
Jewellery
 k - a ring of positive energy (right hand)
 o - a +3 ring of intelligence
 s - an amulet of regeneration (around neck)
 t - an uncursed ring of stealth
Wands
 n - a wand of digging (4/24)
Scrolls
 e - 4 scrolls of remove curse
 i - 3 scrolls of recharging
 r - a scroll of identify
 C - 4 scrolls of teleportation
 E - a scroll of amnesia
Potions
 m - 3 potions of curing
 p - a potion of brilliance {unknown}
 q - a potion of agility
 v - a potion of degeneration {unknown}
 z - 3 potions of heal wounds
 A - 2 potions of haste
 B - a potion of invisibility {unknown}
 G - 2 potions of magic {unknown}
 H - 2 potions of ambrosia
Books
 l - a book of Cantrips

   Spells                             Type                      Level
   a - Confusing Touch                Hexes                        1
   b - Animate Skeleton               Necromancy                   1
   c - Summon Small Mammal            Summoning                    1
   d - Apportation                    Translocation                1
Comestibles
 f - 5 bread rations
 h - 3 royal jellies
 j - 7 fruits
 w - a meat ration


   Skills:
 + Level 5.5 Fighting
 * Level 7.3 Maces & Flails
 - Level 1.7 Throwing
 - Level 2.6 Dodging


You had 6 spell levels left.
You didn't know any spells.

Dungeon Overview and Level Annotations

Branches:
Dungeon (6/15)             Temple (0/1) D:5

Altars:
Fedhas
Gozag
Okawaru
Ru
Xom


Innate Abilities, Weirdness & Mutations

You have a pair of small antennae on your head.
You are surrounded by a mild repulsion field. (EV +2)
You regenerate a little health from kills.
You are missing a hand.


Message History

You hit the ogre but do no damage.
The ogre is heavily wounded.
The hound is stunned by your will and fails to attack.
The hound bites you.
You hit the ogre.
The ogre is heavily wounded.
The hound barely misses you. The ogre closely misses you. The hound bites you.
You hit the ogre.
The ogre is severely wounded.
The hound barely misses you. The ogre barely misses you.
The hound closely misses you.
You barely miss the ogre.
The ogre is severely wounded.
The hound bites you.
The ogre hits you with a giant spiked club!!
* * * LOW HITPOINT WARNING * * *
You hit the ogre.
The ogre is almost dead.
The hound bites you.
You die...

######### #.......#
#?..)...#
##############.......#
#.........[..........#
##############.@.....#
#.Oh....# ######
#.......# #.h...
####.#########.####
#............# #
#≈...≈#
#######..########### #
#≈...≈# .........# #
#≈...≈# #######.## #
#≈...≈# #.# #


You could see an ogre and a hound.

Vanquished Creatures
  An ice beast (D:4)
  A sky beast (D:5)
  A centaur (D:5)
  A howler monkey (D:5)
  A centaur skeleton (D:5)
  3 crimson imps (D:5)
  A bullfrog skeleton (D:6)
  A bullfrog zombie (D:5)
  2 orc wizards
  A gnoll shaman (D:4)
  An iguana (D:4)
  2 worker ants (D:4)
  A worker ant zombie (D:5)
  4 gnolls (D:5)
  8 adders
  A shadow imp (D:5)
  2 oozes
  8 worms
  3 leopard geckos
  12 orcs
  2 ball pythons
  8 bats
  3 bat zombies (D:6)
  6 giant cockroaches
  6 goblins
  8 hobgoblins
  9 jackals
  6 kobolds
  A quokka (D:3)
  5 frilled lizards
  6 rats
  A rat zombie (D:6)
  A fungus (D:4)
117 creatures vanquished.

Vanquished Creatures (others)
  A bullfrog zombie (D:5)
1 creature vanquished.

Grand Total: 118 creatures vanquished

Notes
Turn   | Place    | Note
-------+----------+-------------------------------------------
     0 | D:1      | TheGoonsmith the Demonspawn Gladiator began the quest for the Orb.
     0 | D:1      | Reached XP level 1. HP: 16/16 MP: 1/1
   205 | D:1      | Reached skill level 3 in Maces & Flails
   223 | D:1      | Gained mutation: You are surrounded by a mild repulsion field. (EV +2) [demonic ancestry]
   223 | D:1      | Reached XP level 2. HP: 18/22 MP: 2/2
   654 | D:2      | Reached XP level 3. HP: 24/28 MP: 3/3
  1181 | D:2      | Found a sacrificial altar of Ru.
  1185 | D:2      | Found a blossoming altar of Fedhas.
  1196 | D:2      | Reached skill level 4 in Maces & Flails
  1345 | D:2      | Became a worshipper of Ru the Awakened
  1469 | D:2      | Gained mutation: You regenerate a little health from kills. [demonic ancestry]
  1469 | D:2      | Reached XP level 4. HP: 25/34 MP: 4/4
  1972 | D:3      | Found a shimmering altar of Xom.
  2275 | D:3      | Reached XP level 5. HP: 37/41 MP: 5/5
  2609 | D:3      | Gained mutation: You are missing a hand. [Ru sacrifice]
  2609 | D:3      | Reached * piety under Ru
  2609 | D:3      | Reached ** piety under Ru
  2633 | D:3      | Found an opulent altar of Gozag.
  3187 | D:4      | Reached skill level 5 in Maces & Flails
  3765 | D:4      | Found an iron altar of Okawaru.
  3928 | D:5      | Entered Level 5 of the Dungeon
  4025 | D:5      | Reached XP level 6. HP: 41/48 MP: 6/6
  4060 | D:5      | Reached skill level 6 in Maces & Flails
  4323 | D:5      | Noticed a sky beast
  4350 | D:5      | Killed a sky beast
  4350 | D:5      | Gained mutation: You have a pair of small antennae on your head. [demonic ancestry]
  4350 | D:5      | Reached XP level 7. HP: 8/55 MP: 7/7
  4352 | D:5      | HP: 1/55 [centaur skeleton (3)]
  4703 | D:5      | Found a staircase to the Ecumenical Temple.
  5068 | D:5      | Upgraded the game from 0.20-a0-1127-g1289703 to 0.21-a0-2-ge494091
  5283 | D:5      | Reached skill level 5 in Fighting
  5376 | D:4      | Reached skill level 7 in Maces & Flails
  5732 | D:6      | HP: 1/56 [ogre/giant spiked club (18)]
  5733 | D:6      | Slain by a hound

Vault maps used:
D:1:      dpeg_arrival_shrine
D:2:      grunt_temple_overflow_open
D:3:      nicolae_gozag_seed_capital, first_bread, xom_teletrap_fun
D:4:      kennysheep_okawaru_gauntlet, minmay_gold_behind_fungi
D:5:      temple_statues
D:6:      lemuel_zombie_altar_kikubaaqudgha, nicolae_tso_swordbearing_angel,
          lightli_ossuary_entry_decrepit_ruins, due_unseen_surprise

Skill      XL: |  1  2  3  4  5  6  7 |
---------------+----------------------+-----
Maces & Flails | 3 4 5 6 7 |  7.3
Fighting       | 3 4 5 |  5.5
Throwing       | |  1.7
Dodging        | |  2.6

Action                   |  1- 3 |  4- 6 |  7- 9 || total
-------------------------+-------+-------+-------++-------
Melee: Flail             |   136 |    78 |       ||   214
       Morningstar       |       |   104 |   118 ||   222
 Fire: Hunting sling     |       |    93 |     7 ||   100
Invok: Sacrifice a Hand  |       |     1 |       ||     1
  Use: Scroll            |       |    10 |     6 ||    16
       Potion            |       |     1 |     1 ||     2
 Stab: Invisible         |       |       |     3 ||     3
  Eat: Chunk             |     2 |     8 |     1 ||    11
       Bread ration      |       |       |     1 ||     1
Armor: Leather armour    |    42 |    73 |     3 ||   118
       Ring mail         |       |       |    28 ||    28
Dodge: Dodged            |   142 |   186 |   104 ||   432
